 Dungeon Crawl Stone Soup version 0.29.1-13-g9f3cf754e1 (webtiles) character file.

Game seed: 8147427047554091451

7 cheesebisquit the Shooter (level 1, -2/18 HPs)
             Began as a Minotaur Hunter on Jan 30, 2023.
             Slain by Natasha (7 damage)
             ... on level 2 of the Dungeon.
             The game lasted 00:01:36 (1112 turns).

cheesebisquit the Shooter (Minotaur Hunter)         Turns: 1112, Time: 00:01:36

Health: -2/18      AC:  3    Str: 15    XL:     1   Next: 91%
Magic:  0/0        EV: 12    Int:  6    God:
Gold:   47         SH:  0    Dex: 13    Spells: 0/0 levels left

rFire   . . .      SeeInvis .   a - +0 shortbow
rCold   . . .      Faith    .   (shield currently unavailable)
rNeg    . . .      Spirit   .   c - +0 leather armour
rPois   .          Reflect  .   (helmet restricted)
rElec   .          Harm     .   (no cloak)
rCorr   .          Rampage  .   (no gloves)
Will    .....                   (no boots)
Stlth   +.........              (no amulet)
HPRegen 0.06/turn               (no ring)
MPRegen 0.07/turn               (no ring)

@: slowed, very slow
A: horns 2, retaliatory headbutt
a: no special abilities


You were on level 2 of the Dungeon.
You visited 1 branch of the dungeon, and saw 2 of its levels.

You collected 47 gold pieces.

Inventory:

Hand Weapons
 a - a +0 shortbow (weapon)
Armour
 c - a +0 leather armour (worn)
Scrolls
 b - a scroll of immolation
 e - a scroll of enchant weapon {unknown}
 f - a scroll of torment {unknown}
 g - a scroll of identify {unknown}
 h - a scroll of magic mapping {unknown}
 m - a scroll of silence {unknown}
Potions
 d - a potion of mutation {unknown}
 i - a potion of resistance {unknown}
 j - a potion of might {unknown}
 k - a potion of flight {unknown}
 l - a potion of heal wounds {unknown}
 n - a potion of lignification {unknown}


   Skills:
 - Level 2.4 Fighting
 + Level 4.9 Ranged Weapons
 - Level 2.1 Dodging
 - Level 0.7 Stealth


You couldn't memorise any spells.
You didn't know any spells.
Your spell library contained the following spells:

 Spells                   Type           Power      Damage    Failure   Level
 Beastly Appendage        Tmut           0%         N/A       52%         1
 Magic Dart               Conj           0%         1d3       52%         1
 Call Imp                 Summ           0%         N/A       67%         2
 Wereblood                Tmut           0%         N/A       67%         2
 Gell's Gravitas          Tloc           0%         N/A       88%         3
 Mephitic Cloud           Conj/Pois/Air  0%         N/A       88%         3
 Spider Form              Tmut/Pois      0%         N/A       88%         3
 Teleport Other           Tloc           0%         N/A       88%         3
 Dispersal                Tloc           0%         N/A       100%        6


Dungeon Overview and Level Annotations

Branches:
Dungeon (2/15)

Altars:

Annotations:
D:2 Natasha


Innate Abilities, Weirdness & Mutations

You have a pair of horns on your head.
You reflexively headbutt those who attack you in melee.


Message History

You shoot an arrow. The arrow hits the endoplasm.
The endoplasm is severely wounded.
You shoot an arrow. The arrow hits the endoplasm!
You kill the endoplasm!
No target in view!
No target in view!
n - a coppery potion
Found a stone staircase leading down.
Natasha hisses angrily.
You shoot an arrow. The arrow misses Natasha.
Natasha wildly gestures.
You feel troubled.
You shoot an arrow. The arrow hits Natasha.
Natasha is moderately wounded.
You shoot an arrow. The arrow hits Natasha.
Natasha is severely wounded.
You shoot an arrow. The arrow barely misses Natasha.
Natasha stares at you and mumbles some strange words.
You feel yourself slow down.
You shoot an arrow. The arrow hits Natasha.
Natasha is severely wounded.
Natasha stares at you and mumbles some strange words.
You feel as though you will be slow longer.
Natasha barely misses you.
You shoot an arrow. The arrow barely misses Natasha.
Natasha barely misses you. Natasha claws you!
Fire: a) +0 shortbow
Press: ? - help, Q - select action Shift-Dir - straight line, f/p - Natasha
Aim: Natasha (severely wounded, 53% to hit)
You shoot an arrow. The arrow completely misses Natasha.
Natasha claws you.
* * * LOW HITPOINT WARNING * * *
Natasha misses you.
Fire: a) +0 shortbow
Press: ? - help, Q - select action Shift-Dir - straight line, f/p - Natasha
Aim: Natasha (severely wounded, 53% to hit)
You shoot an arrow. The arrow hits Natasha.
Natasha is severely wounded.
Natasha claws you!
You die...

# ### # +.# # # ... #.#.#
...... ###.#.# ...... . #.....
#### ...... ...###.#.####...
####...... ..............#####
.†..........#####.....#......#
<.†............h@.#...#......#
...............####......##..##
.............. #...##......#
............. #.#>####.#..###
............ #.####...#...<#
........... ..# #.###.####
..<....... #### #...#.#
.......... #.###.# ##########
#.....#


You could see Natasha.

Vanquished Creatures
  An endoplasm (D:2)
  2 hobgoblins (D:1)
  2 bats
  2 rats
7 creatures vanquished.

Notes
Turn   | Place    | Note
-------+----------+-------------------------------------------
     0 | D:1      | cheesebisquit the Minotaur Hunter began the quest for the
                  | Orb.
     0 | D:1      | Reached XP level 1. HP: 18/18 MP: 0/0
   222 | D:1      | Found a faded altar of an unknown god.
   779 | D:2      | Noticed Natasha
  1112 | D:2      | Slain by Natasha

Illustrated notes

Levels and vault maps discovered:
D:1:      sevenhm_arrival_forest_fort_large_2, layout_rooms,
          chequers_ecumenical_altar_island, kennysheep_doodads,
          dreamdust_princess_bridge, chequers_serial_rivers_micro_c
D:2:      layout_basic, serial_shops, nicolae_shop_bloodbath_and_beyond,
          minmay_unequal, uniq_natasha

Action                   || total
-------------------------++-------
 Fire: Shortbow          ||    29
Dodge: Dodged            ||     7
